Workbook

Sheet Start here
B2: OUT+COME
B3: Commission Reality Checker
B4: Model a pay plan at every level of attainment: what reps earn, what you pay, your cost of sales, and where the plan may reward the wrong behaviour.
B6: How to use this
B7: 1. Enter your plan on the Plan sheet. The numbers shown are examples, not benchmarks. Replace them.
B8: 2. Choose whether accelerators apply to all bookings once the threshold is passed (retroactive) or only to bookings above it (marginal).
B9: 3. Read the Attainment table: earnings, total cost and cost of sales from 0% to 200% of quota.
B10: 4. Read the Sanity checks. They flag things to question. The right answer depends on your margin, cycle and market.
B12: A modelling tool, not financial, tax or employment advice. Check any plan with your accountant and adviser.
B14: Want a second pair of eyes on your results? Book a pit stop at outpluscome.com
B15: Made by Out+Come. Free to use and share inside your organisation.

Sheet Plan
A1: Plan and attainment table
A3: Input | B3: Your number
A4: Annual quota (bookings per rep) | B4: 600000
A5: Base salary | B5: 40000
A6: Variable pay at 100% of quota (OTE minus base) | B6: 40000
A7: Accelerator starts above (% of quota) | B7: 1
A8: Accelerator multiple on the commission rate | B8: 1.5
A9: Accelerator type (Marginal or Retroactive) | B9: Marginal
A10: Cap on variable pay (% of target variable; 0 = uncapped) | B10: 0
A11: Employer on-costs (% of pay) | B11: 0.15
A12: Other cost per rep per year (tools, travel, management time) | B12: 6000
A13: Gross margin on bookings | B13: 0.7
A15: Commission rate on bookings | B15: =IF(B4=0,0,B6/B4)
A16: On-target earnings (OTE) | B16: =B5+B6
A17: Quota as a multiple of OTE | B17: =IF(B16=0,0,B4/B16)
A18: Base as a share of OTE | B18: =IF(B16=0,0,B5/B16)
A20: Attainment | B20: Bookings | C20: Commission | D20: Rep earnings | E20: Earnings vs OTE | F20: Employer cost | G20: Cost of sales | H20: Gross margin earned | I20: Margin after cost
A21: 0 | B21: =$B$4*A21 | C21: =IF($B$10>0,MIN($B$10*$B$6,IF($B$9="Retroactive",IF(A21>$B$7,$B$15*$B$8*B21,$B$15*B21),$B$15*MIN(B21,$B$7*$B$4)+IF(B21>$B$7*$B$4,$B$15*$B$8*(B21-$B$7*$B$4),0))),IF($B$9="Retroactive",IF(A21>$B$7,$B$15*$B$8*B21,$B$15*B21),$B$15*MIN(B21,$B$7*$B$4)+IF(B21>$B$7*$B$4,$B$15*$B$8*(B21-$B$7*$B$4),0))) | D21: =$B$5+C21 | E21: =IF($B$16=0,"",D21/$B$16) | F21: =D21*(1+$B$11)+$B$12 | G21: =IF(B21=0,"",F21/B21) | H21: =B21*$B$13 | I21: =H21-F21
A22: 0.25 | B22: =$B$4*A22 | C22: =IF($B$10>0,MIN($B$10*$B$6,IF($B$9="Retroactive",IF(A22>$B$7,$B$15*$B$8*B22,$B$15*B22),$B$15*MIN(B22,$B$7*$B$4)+IF(B22>$B$7*$B$4,$B$15*$B$8*(B22-$B$7*$B$4),0))),IF($B$9="Retroactive",IF(A22>$B$7,$B$15*$B$8*B22,$B$15*B22),$B$15*MIN(B22,$B$7*$B$4)+IF(B22>$B$7*$B$4,$B$15*$B$8*(B22-$B$7*$B$4),0))) | D22: =$B$5+C22 | E22: =IF($B$16=0,"",D22/$B$16) | F22: =D22*(1+$B$11)+$B$12 | G22: =IF(B22=0,"",F22/B22) | H22: =B22*$B$13 | I22: =H22-F22
A23: 0.5 | B23: =$B$4*A23 | C23: =IF($B$10>0,MIN($B$10*$B$6,IF($B$9="Retroactive",IF(A23>$B$7,$B$15*$B$8*B23,$B$15*B23),$B$15*MIN(B23,$B$7*$B$4)+IF(B23>$B$7*$B$4,$B$15*$B$8*(B23-$B$7*$B$4),0))),IF($B$9="Retroactive",IF(A23>$B$7,$B$15*$B$8*B23,$B$15*B23),$B$15*MIN(B23,$B$7*$B$4)+IF(B23>$B$7*$B$4,$B$15*$B$8*(B23-$B$7*$B$4),0))) | D23: =$B$5+C23 | E23: =IF($B$16=0,"",D23/$B$16) | F23: =D23*(1+$B$11)+$B$12 | G23: =IF(B23=0,"",F23/B23) | H23: =B23*$B$13 | I23: =H23-F23
A24: 0.75 | B24: =$B$4*A24 | C24: =IF($B$10>0,MIN($B$10*$B$6,IF($B$9="Retroactive",IF(A24>$B$7,$B$15*$B$8*B24,$B$15*B24),$B$15*MIN(B24,$B$7*$B$4)+IF(B24>$B$7*$B$4,$B$15*$B$8*(B24-$B$7*$B$4),0))),IF($B$9="Retroactive",IF(A24>$B$7,$B$15*$B$8*B24,$B$15*B24),$B$15*MIN(B24,$B$7*$B$4)+IF(B24>$B$7*$B$4,$B$15*$B$8*(B24-$B$7*$B$4),0))) | D24: =$B$5+C24 | E24: =IF($B$16=0,"",D24/$B$16) | F24: =D24*(1+$B$11)+$B$12 | G24: =IF(B24=0,"",F24/B24) | H24: =B24*$B$13 | I24: =H24-F24
A25: 1 | B25: =$B$4*A25 | C25: =IF($B$10>0,MIN($B$10*$B$6,IF($B$9="Retroactive",IF(A25>$B$7,$B$15*$B$8*B25,$B$15*B25),$B$15*MIN(B25,$B$7*$B$4)+IF(B25>$B$7*$B$4,$B$15*$B$8*(B25-$B$7*$B$4),0))),IF($B$9="Retroactive",IF(A25>$B$7,$B$15*$B$8*B25,$B$15*B25),$B$15*MIN(B25,$B$7*$B$4)+IF(B25>$B$7*$B$4,$B$15*$B$8*(B25-$B$7*$B$4),0))) | D25: =$B$5+C25 | E25: =IF($B$16=0,"",D25/$B$16) | F25: =D25*(1+$B$11)+$B$12 | G25: =IF(B25=0,"",F25/B25) | H25: =B25*$B$13 | I25: =H25-F25
A26: 1.25 | B26: =$B$4*A26 | C26: =IF($B$10>0,MIN($B$10*$B$6,IF($B$9="Retroactive",IF(A26>$B$7,$B$15*$B$8*B26,$B$15*B26),$B$15*MIN(B26,$B$7*$B$4)+IF(B26>$B$7*$B$4,$B$15*$B$8*(B26-$B$7*$B$4),0))),IF($B$9="Retroactive",IF(A26>$B$7,$B$15*$B$8*B26,$B$15*B26),$B$15*MIN(B26,$B$7*$B$4)+IF(B26>$B$7*$B$4,$B$15*$B$8*(B26-$B$7*$B$4),0))) | D26: =$B$5+C26 | E26: =IF($B$16=0,"",D26/$B$16) | F26: =D26*(1+$B$11)+$B$12 | G26: =IF(B26=0,"",F26/B26) | H26: =B26*$B$13 | I26: =H26-F26
A27: 1.5 | B27: =$B$4*A27 | C27: =IF($B$10>0,MIN($B$10*$B$6,IF($B$9="Retroactive",IF(A27>$B$7,$B$15*$B$8*B27,$B$15*B27),$B$15*MIN(B27,$B$7*$B$4)+IF(B27>$B$7*$B$4,$B$15*$B$8*(B27-$B$7*$B$4),0))),IF($B$9="Retroactive",IF(A27>$B$7,$B$15*$B$8*B27,$B$15*B27),$B$15*MIN(B27,$B$7*$B$4)+IF(B27>$B$7*$B$4,$B$15*$B$8*(B27-$B$7*$B$4),0))) | D27: =$B$5+C27 | E27: =IF($B$16=0,"",D27/$B$16) | F27: =D27*(1+$B$11)+$B$12 | G27: =IF(B27=0,"",F27/B27) | H27: =B27*$B$13 | I27: =H27-F27
A28: 1.75 | B28: =$B$4*A28 | C28: =IF($B$10>0,MIN($B$10*$B$6,IF($B$9="Retroactive",IF(A28>$B$7,$B$15*$B$8*B28,$B$15*B28),$B$15*MIN(B28,$B$7*$B$4)+IF(B28>$B$7*$B$4,$B$15*$B$8*(B28-$B$7*$B$4),0))),IF($B$9="Retroactive",IF(A28>$B$7,$B$15*$B$8*B28,$B$15*B28),$B$15*MIN(B28,$B$7*$B$4)+IF(B28>$B$7*$B$4,$B$15*$B$8*(B28-$B$7*$B$4),0))) | D28: =$B$5+C28 | E28: =IF($B$16=0,"",D28/$B$16) | F28: =D28*(1+$B$11)+$B$12 | G28: =IF(B28=0,"",F28/B28) | H28: =B28*$B$13 | I28: =H28-F28
A29: 2 | B29: =$B$4*A29 | C29: =IF($B$10>0,MIN($B$10*$B$6,IF($B$9="Retroactive",IF(A29>$B$7,$B$15*$B$8*B29,$B$15*B29),$B$15*MIN(B29,$B$7*$B$4)+IF(B29>$B$7*$B$4,$B$15*$B$8*(B29-$B$7*$B$4),0))),IF($B$9="Retroactive",IF(A29>$B$7,$B$15*$B$8*B29,$B$15*B29),$B$15*MIN(B29,$B$7*$B$4)+IF(B29>$B$7*$B$4,$B$15*$B$8*(B29-$B$7*$B$4),0))) | D29: =$B$5+C29 | E29: =IF($B$16=0,"",D29/$B$16) | F29: =D29*(1+$B$11)+$B$12 | G29: =IF(B29=0,"",F29/B29) | H29: =B29*$B$13 | I29: =H29-F29

Sheet Sanity checks
A1: Sanity checks
A2: Thresholds are yours to set. They are prompts to question the plan, not rules.
A4: Check | B4: Your plan | C4: Your threshold | D4: Status | E4: Why it matters
A5: Base as a share of OTE | B5: =Plan!B18 | C5: 0.4 | D5: =IF(B5<C5,"Review","OK") | E5: A low base makes the role very variable. That can suit some roles and scare off good people in others.
A6: Accelerator multiple | B6: =Plan!B8 | C6: 2 | D6: =IF(B6>C6,"Review","OK") | E6: Steep accelerators can encourage holding back deals to push them into a better period.
A7: Cost of sales at 100% attainment | B7: =Plan!G25 | C7: 0.2 | D7: =IF(B7>C7,"Review","OK") | E7: Compare this with your gross margin and your cost to acquire a customer.
A8: Cost of sales at 200% attainment | B8: =Plan!G29 | C8: 0.2 | D8: =IF(B8>C8,"Review","OK") | E8: Shows what a great year costs you. A plan that is too generous at the top can hurt margin.
A9: Variable pay uncapped? | B9: =IF(Plan!B10=0,"Uncapped","Capped") | C9: Capped | D9: =IF(B9="Uncapped","Review","OK") | E9: Uncapped plans can be motivating, and can create large, hard-to-predict costs.
A10: Margin left after cost at 50% attainment | B10: =Plan!I23 | C10: 0 | D10: =IF(B10<C10,"Review","OK") | E10: Shows how much a rep who is under plan costs you.
A13: Questions to ask about any plan
A14: 1. Does it reward the behaviour you want, or the behaviour that is easiest to measure?
A15: 2. Could a rep make more by holding back a deal until next period?
A16: 3. Does it reward new business, renewals and customer quality in the right proportions?
A17: 4. What happens to commission if a deal is cancelled or the customer does not pay?
A18: 5. Is it simple enough that a rep can calculate their own earnings in a minute?
